 Dungeon Crawl Stone Soup version 0.28-a0-991-g956f0ee3d5 (webtiles) character file.

Game seed: 14865207854493251164

60 sokol815 the Firebug (level 3, -2/24 HPs)
             Began as a Demonspawn Fire Elementalist on Dec 5, 2021.
             Killed by nerve-wracking pain
             ... invoked by a shadow imp
             ... summoned by Natasha
              (5 damage)
             ... on level 3 of the Dungeon.
             The game lasted 00:09:23 (2014 turns).

sokol815 the Firebug (Demonspawn Fire Elementalist) Turns: 2014, Time: 00:09:24

Health: -2/24      AC:  6    Str: 14    XL:     3   Next: 80%
Magic:  0/6        EV: 11    Int: 24    God:
Gold:   76         SH:  0    Dex: 13    Spells: 5/6 levels left

rFire   . . .      SeeInvis .   c - +0 dagger
rCold   . . .      Faith    .   (no shield)
rNeg    . . .      Spirit   .   e - +0 leather armour
rPois   .          Reflect  .   (helmet restricted)
rElec   .          Harm     .   (no cloak)
rCorr   .          Rampage  .   h - +1 pair of gloves
Will    .....                   o - +0 pair of boots
Stlth   ++........              (no amulet)
HPRegen 0.08/turn               I - +6 ring of intelligence
MPRegen 0.10/turn               t - +6 ring of strength

@: no status effects
A: antennae 1
a: no special abilities


You were on level 3 of the Dungeon.
You visited 1 branch of the dungeon, and saw 3 of its levels.

You collected 76 gold pieces.

Inventory:

Hand Weapons
 c - a +0 dagger (weapon)
   (You took it off a kobold on level 1 of the Dungeon)
 j - a +1 battleaxe of electrocution
   (You found it on level 1 of the Dungeon)
Missiles
 q - 19 bolts
 r - 15 arrows
 s - 15 stones
Armour
 a - a +0 robe
 e - a +0 leather armour (worn)
   (You found it on level 2 of the Dungeon)
 h - a +1 pair of gloves (worn)
   (You found it on level 1 of the Dungeon)
 o - a +0 pair of boots (worn)
   (You found it on level 1 of the Dungeon)
Jewellery
 t - a +6 ring of strength (right hand)
   (You found it on level 2 of the Dungeon)
 I - a +6 ring of intelligence (left hand)
   (You found it on level 1 of the Dungeon)
Scrolls
 i - a scroll of enchant armour
 k - a scroll of holy word {unknown}
 l - a scroll of teleportation {unknown}
 V - a scroll of vulnerability {!r!r}
 X - a scroll of magic mapping {@r4!r}
Potions
 b - a potion of ambrosia {unknown}
 d - a potion of flight {unknown}
 p - a potion of haste
 J - a potion of curing {@q1}
 N - a potion of heal wounds {@q2}
 R - 2 potions of resistance


   Skills:
 - Level 1.7 Dodging
 - Level 1.7 Stealth
 + Level 2.4 Spellcasting
 + Level 1.9 Conjurations
 * Level 3.7 Fire Magic


You had 5 spell levels left.
You knew the following spells:

 Your Spells              Type           Power      Damage    Failure   Level
a - Foxfire               Conj/Fire      64%        2x1d7     4%          1

Your spell library contained the following spells:

 Spells                   Type           Power      Damage    Failure   Level
 Scorch                   Fire           40%        2d7       4%          2
 Freeze                   Ice            8%         1d3       14%         1
 Conjure Flame            Conj/Fire      16%        6-21      14%         3
 Inner Flame              Hex/Fire       11%        N/A       21%         3
 Frozen Ramparts          Ice            4%         1d2       41%         3
 Flame Wave               Conj/Fire      16%        2d5       41%         4
 Hailstorm                Conj/Ice       7%         3d4       67%         4
 Leda's Liquefaction      Hex/Erth       1%         N/A       82%         4
 Lee's Rapid Deconstruct  Erth           1%         3d5*      99%         5
 Statue Form              Tmut/Erth      1%         N/A       100%        6


Dungeon Overview and Level Annotations

Branches:
Dungeon (3/15)

Altars:

Annotations:
D:3 Natasha


Innate Abilities, Weirdness & Mutations

You have a pair of small antennae on your head.


Message History

You kill the goblin!
Things that are here:
a +0 dagger; a goblin corpse; MP restored: 6 An endoplasm comes into view.
The endoplasm quivers.
You conjure some foxfire!
You now have 5/6 mp.
The foxfire hits the endoplasm.
The foxfire hits the endoplasm.
You miscast Foxfire.
You are very lightly contaminated with residual magic.
Nothing appears to happen.
You now have 4/6 mp.
You miscast Foxfire.
Nothing appears to happen.
You now have 3/6 mp.
You conjure some foxfire!
You now have 2/6 mp.
The foxfire hits the endoplasm.
You kill the endoplasm!
You start resting.
Your magical contamination has completely faded away.
An orc comes into view. It is wielding a +0 dagger.
MP restored: 6 The orc shouts!
You conjure some foxfire!
The foxfire hits the orc.
You now have 5/6 mp.
You conjure some foxfire!
The foxfire hits the orc.
You now have 4/6 mp.
You hit the orc.
The foxfire hits the orc.
You kill the orc!
A kobold comes into view.
It is wielding a +0 short sword and quivering poisoned darts.
The kobold moves out of view.
MP restored: 6 A kobold is nearby!
The kobold shouts!
The kobold throws a poisoned dart.
The poisoned dart barely misses you.
A worm comes into view.
You conjure some foxfire!
You now have 5/6 mp.
The foxfire hits the kobold.
You kill the kobold!
You conjure some foxfire!
The foxfire hits the worm.
You hear an angry hiss.
You now have 4/6 mp.
The foxfire hits the worm but does no damage.
The foxfire hits the worm.
Natasha, Servant of Life and Death comes into view.
You conjure some foxfire!
You now have 3/6 mp.
The foxfire hits the worm. x2
You conjure some foxfire!
You now have 2/6 mp.
You conjure some foxfire!
The foxfire hits the worm but does no damage.
Natasha wildly gestures.
You feel troubled.
You now have 1/6 mp.
There is not enough space to conjure foxfire!
Unknown command.
The foxfire hits the worm but does no damage.
The foxfire hits the worm.
You kill the worm!
The foxfire hits Natasha.
You conjure some foxfire!
Natasha claws you but does no damage.
You now have 1/6 mp.
You hit Natasha but do no damage.
The foxfire hits Natasha. x2
Natasha misses you.
You conjure some foxfire!
Natasha barely misses you.
You now have 0/6 mp.
You hit Natasha.
The foxfire hits Natasha. x2
Natasha stares at you and mumbles some strange words.
The magic dart hits you.
You take 2 damage, and have 22/24 hp.
You closely miss Natasha. Natasha misses you.
You closely miss Natasha.
Natasha casts a spell.
You don't have enough magic to cast this spell.
You hit Natasha but do no damage. Natasha closely misses you.
The shadow imp hits you but does no damage.
You barely miss Natasha. Natasha casts a spell at you. The magic dart hits you!
The shadow imp closely misses you.
You take 7 damage, and have 15/24 hp.
MASSIVE DAMAGE!!
You barely miss Natasha. Natasha claws you.
The shadow imp picks up a beetle and eats it.
The shadow imp hits you.
You take 5 damage, and have 10/24 hp.
MASSIVE DAMAGE!!
Your leather armour prevents you from hitting Natasha.
Natasha claws you.
The shadow imp hits you but does no damage.
You take 1 damage, and have 9/24 hp.
Unknown command.
You conjure some foxfire!
Natasha claws you.
* * * LOW HITPOINT WARNING * * *
The shadow imp gestures at you. Pain shoots through your body!
You die...

.#.# #.# .#.# #.#
.#.# #.# ...# #.#
# ..## .#######.#
.# ...##
.........# ..
...)## ....###.##
.#.# .....#
...####v####.....
.....+
.......5@h...)....
.....#
#...####v#.##.....
.<..## #.......#.#
#.. ...##
#.#######.# ..##
#.# .## #.. . ###
. .


You could see Natasha (ally target) and a shadow imp (summoned, ally target).

Vanquished Creatures
  An adder (D:2)
  3 worms
  A dart slug (D:1)
  An orc (D:3)
  4 endoplasms
  A giant cockroach (D:1)
  4 hobgoblins
  5 ball pythons
  4 bats
  2 frilled lizards
  4 goblins
  5 kobolds
  4 rats
39 creatures vanquished.

Vanquished Creatures (others)
  A bat (D:1)
  106 foxfires
107 creatures vanquished.

Grand Total: 146 creatures vanquished

Notes
Turn   | Place    | Note
-------+----------+-------------------------------------------
     0 | D:1      | sokol815 the Demonspawn Fire Elementalist began the quest
                  | for the Orb.
     0 | D:1      | Reached XP level 1. HP: 13/13 MP: 3/3
   124 | D:1      | Reached skill level 3 in Fire Magic
   206 | D:1      | Discovered your monstrous ancestry.
   206 | D:1      | Gained mutation: You have a pair of small antennae on your
                  | head. [demonic ancestry]
   206 | D:1      | Reached XP level 2. HP: 19/19 MP: 1/5
   588 | D:1      | Found a faded altar of an unknown god.
  1179 | D:2      | Reached XP level 3. HP: 24/24 MP: 1/6
  1997 | D:3      | Noticed Natasha
  2014 | D:3      | HP: 3/24 [Natasha (6)]
  2014 | D:3      | Killed from afar by a shadow imp

Illustrated notes

Levels and vault maps discovered:
D:1:      shiori_arrival_oz, layout_basic, hellmonk_ecumenical_altar_lost_god,
          corexii_corridor_pit
D:2:      layout_basic, minmay_hexomino_f4
D:3:      layout_loops_corners, chequers_serial_rivers_large_a, uniq_natasha

Skill      XL: |  1 |
---------------+----+-----
Fire Magic     | 3 |  3.7
Dodging        | |  1.7
Stealth        | |  1.7
Spellcasting   | |  2.4
Conjurations   | |  1.9

Action                   || total
-------------------------++-------
Melee: Unarmed           ||     2
       Dagger            ||    31
 Cast: Foxfire           ||    64
  Use: Scroll            ||     6
 Stab: Sleeping          ||     1
Armor: Robe              ||     8
       Leather armour    ||     3
Dodge: Dodged            ||    29

Table legend: (Time is in decaauts)
 A = Elapsed time spent in this place.
 B = Non-inter-level travel time spent in this place.
 C = Inter-level travel time spent in this place.
 D = Time resting spent in this place.
 E = Time spent auto-exploring this place.
 F = Levels seen in this place.
 G = Mean time per level.
                   A        B        C        D        E       F      G
               +--------+--------+--------+--------+--------+-----+--------+
         Total |   2012 |   1913 |     99 |    351 |   1184 |   3 |  670.7 |
       Dungeon |   2012 |   1913 |     99 |    351 |   1184 |   3 |  670.7 |
               +--------+--------+--------+--------+--------+-----+--------+

Top non-repeatable levels by time:
     D:2: 931 daAuts
     D:1: 927 daAuts
     D:3: 153 daAuts

Table legend:
 A = Kills in this place as a percentage of kills in entire the game.
 B = Kills by you in this place as a percentage of kills by you in the entire game.
 C = Kills by friends in this place as a percentage of kills by friends in the entire game.
 D = Other kills in this place as a percentage of other kills in the entire game.
 E = Experience gained in this place as a percentage of experience gained in the entire game.
 F = Experience gained in this place divided by the number of levels of this place that you have seen.
                   A       B       C       D       E      F
               +-------+-------+-------+-------+-------+----------------------
         Total | 100.0 | 100.0 |   N/A |   N/A | 100.0 |  28.7
       Dungeon | 100.0 | 100.0 |   N/A |   N/A | 100.0 |  28.7
               +-------+-------+-------+-------+-------+----------------------
